 Dungeon Crawl Stone Soup version 0.29-a0-334-gb41bcbb86e (webtiles) character file.

Game seed: 16997942684141814454

9989 rabbitsville the Destroyer (level 11, 0/83 HPs)
             Began as a Gnoll Conjurer on Apr 14, 2022.
             Was a Priest of Nemelex Xobeh.
             Killed from afar by a centaur (23 damage)
             ... with a bolt of acid
             ... on level 10 of the Dungeon on Apr 15, 2022.
             The game lasted 01:02:14 (15751 turns).

rabbitsville the Destroyer (Gnoll Conjurer)        Turns: 15751, Time: 01:02:15

Health: 0/83       AC:  5    Str:  7    XL:     11   Next: 55%
Magic:  14/20      EV: 16    Int: 30    God:    Nemelex Xobeh [***...]
Gold:   71         SH:  0    Dex: 17    Spells: 20/26 levels left

rFire   . . .      SeeInvis .   i - +4 short sword (venom)
rCold   . . .      Faith    .   (no shield)
rNeg    + + .      Spirit   .   n - +1 robe "Qalat" {rN++ Int+5}
rPois   .          Reflect  .   F - +0 helmet
rElec   .          Harm     .   d - +0 cloak
rCorr   .          Rampage  .   (no gloves)
Will    .....                   q - +0 pair of boots
Stlth   ++++......              (no amulet)
HPRegen 0.23/turn               j - +6 ring of dexterity
MPRegen 0.17/turn               g - +6 ring of intelligence

@: corroded
A: fangs 1, strong nose, distributed training, iridescent scales 1, dopey 1, low
MP 1
a: Renounce Religion, Draw Escape, Draw Destruction, Draw Summoning, Triple Draw


You were on level 10 of the Dungeon.
You worshipped Nemelex Xobeh.
Nemelex Xobeh was most pleased with you.
You visited 2 branches of the dungeon, and saw 12 of its levels.

You collected 542 gold pieces.
You spent 471 gold pieces at shops.

Inventory:

Hand Weapons
 i - a +4 short sword of venom (weapon)
Missiles
 G - a throwing net
Armour
 a - a +0 robe
 d - a +0 cloak (worn)
 n - the +1 robe "Qalat" (worn) {rN++ Int+5}
   (You bought it in a shop on level 6 of the Dungeon)

   Int:       It affects your intelligence (+5).
   rN:        It greatly protects you from negative energy.
 q - a +0 pair of boots (worn)
 r - +0 steam dragon scales
 F - a +0 helmet (worn)
Jewellery
 g - a +6 ring of intelligence (right hand)
 j - a +6 ring of dexterity (left hand)
 k - a ring of ice
 C - an amulet of guardian spirit
Wands
 p - a wand of polymorph (9)
 w - a wand of mindburst (37)
 y - a wand of flame (11)
 H - a wand of charming (5)
Scrolls
 f - 5 scrolls of enchant armour
 l - 2 scrolls of amnesia {unknown}
 o - a scroll of immolation {unknown}
 s - 4 scrolls of noise
 t - 2 scrolls of brand weapon
 v - 4 scrolls of teleportation
 x - 2 scrolls of fog
 A - 2 scrolls of vulnerability {unknown}
 B - a scroll of fear {unknown}
 D - a scroll of summoning {unknown}
 E - a scroll of torment {unknown}
Potions
 b - 3 potions of magic
 c - a potion of invisibility
 e - 2 potions of haste
 h - 4 potions of brilliance
 m - a potion of degeneration
 u - a potion of lignification


   Skills:
 + Level 6.4 Fighting
 + Level 6.4 Short Blades
 + Level 6.4 Long Blades
 + Level 6.4 Axes
 + Level 6.4 Maces & Flails
 + Level 6.4 Polearms
 + Level 6.4 Staves
 + Level 6.4 Slings
 + Level 6.4 Bows
 + Level 6.4 Crossbows
 + Level 6.4 Throwing
 + Level 6.4 Armour
 + Level 8.0 Dodging
 + Level 7.7 Stealth
 + Level 6.4 Shields
 + Level 6.4 Unarmed Combat
 + Level 8.2 Spellcasting
 + Level 9.0 Conjurations
 + Level 5.3 Hexes
 + Level 5.3 Summonings
 + Level 5.3 Necromancy
 + Level 5.3 Translocations
 + Level 5.3 Transmutations
 + Level 5.3 Fire Magic
 + Level 5.3 Ice Magic
 + Level 5.3 Air Magic
 + Level 5.3 Earth Magic
 + Level 5.3 Poison Magic
 + Level 7.0 Invocations
 + Level 6.4 Evocations


You had 20 spell levels left.
You knew the following spells:

 Your Spells              Type           Power      Damage    Failure   Level
a - Magic Dart            Conj           100%       1d8       1%          1
b - Searing Ray           Conj           100%       2d8       1%          2
c - Stone Arrow           Conj/Erth      100%       3d13      1%          3

Your spell library contained the following spells:

 Spells                   Type           Power      Damage    Failure   Level
 Animate Skeleton         Necr           88%        N/A       1%          1
 Beastly Appendage        Tmut           88%        N/A       1%          1
 Pain                     Necr           100%       1d9       1%          1
 Sandblast                Erth           88%        2d18      1%          1
 Slow                     Hex            100%       N/A       1%          1
 Summon Small Mammal      Summ           100%       N/A       1%          1
 Ensorcelled Hibernation  Hex/Ice        88%        N/A       1%          2
 Passwall                 Tmut/Erth      36%        N/A       1%          2
 Sublimation of Blood     Necr           44%        N/A       1%          2
 Wereblood                Tmut           44%        N/A       1%          2
 Call Canine Familiar     Summ           44%        N/A       1%          3
 Confusing Touch          Hex            44%        N/A       1%          3
 Dazzling Flash           Conj/Hex       100%       N/A       1%          3
 Spider Form              Tmut/Pois      44%        N/A       1%          3
 Summon Guardian Golem    Hex/Summ       44%        N/A       1%          3
 Swiftness                Air            44%        N/A       1%          3
 Vampiric Draining        Necr           44%        2d9       1%          3
 Fulminant Prism          Conj/Hex       26%        3d14      2%          4
 Iskenderun's Mystic Bla  Conj/Tloc      53%        2d11      2%          4
 Lee's Rapid Deconstruct  Erth           22%        3d13*     13%         5
 Summon Hydra             Summ           22%        N/A       99%         7


Dungeon Overview and Level Annotations

Branches:
Dungeon (11/15)            Temple (1/1) D:4            Lair (0/6) D:10
    Orc: D:9-12

Altars:
Ashenzari
Cheibriados
Dithmenos
Elyvilon
Fedhas
Gozag
Hepliaklqana
Kikubaaqudgha
Makhleb
Nemelex Xobeh
Okawaru
Qazlal
Ru
Trog
Uskayaw
Vehumet
Wu Jian
Xom
Yredelemnul
Zin
The Shining One

Shops:
D:6 [!=::

Portals:
Ice
Cave: D:11

Annotations:
D:4 4 runed translucent doors, Antichthon's ghost, amateur NaWr; Crazy Yiuf
D:9 exclusions: fire dragon and 14 more exclusions
D:11 Psyche


Innate Abilities, Weirdness & Mutations

You have very sharp teeth.
Your uncanny sense of smell can sniff out nearby items.
Your experience applies equally to all skills.
You are partially covered in iridescent scales. (AC +2)
You are dopey. (Int -2)
Your magical capacity is low. (-10% MP)


Message History

a +0 hand axe; a +0 dagger; a +0 robe The magic dart hits the centaur but does no damage.
The centaur shouts!
The magic dart hits the centaur.
The centaur is lightly wounded.
The centaur zaps a wand.
The bolt of acid hits you!
The magic dart hits the centaur.
The centaur is moderately wounded.
The centaur wields a +0 shortbow.
The centaur shoots an arrow.
The arrow hits you.
The centaur shoots an arrow.
The arrow hits you!
The magic dart hits the centaur but does no damage.
The centaur is moderately wounded.
The magic dart hits the centaur but does no damage.
The centaur is moderately wounded.
The centaur zaps a wand.
The bolt of acid misses you.
The centaur shoots an arrow.
The arrow completely misses you.
The magic dart hits the centaur but does no damage.
The centaur is moderately wounded.
The magic dart hits the centaur.
The centaur is heavily wounded.
The centaur zaps a wand.
The bolt of acid hits you!! The acid corrodes you!
You are too injured to fight recklessly!
The centaur unwields a +0 shortbow.
The centaur misses you. The centaur kicks you.
You hit the centaur but do no damage.
The centaur is poisoned.
You bite the centaur, but do no damage.
The centaur is heavily wounded.
The centaur hits you.
The centaur kicks you but does no damage.
You hit the centaur but do no damage.
The centaur looks as sick as possible!
You bite the centaur, but do no damage.
The centaur is heavily wounded.
The centaur hits you.
* * * LOW HITPOINT WARNING * * *
The centaur barely misses you.
You hit the centaur but do no damage.
The centaur looks as sick as possible!
The centaur is heavily wounded.
The centaur zaps a wand.
The bolt of acid hits you!!
You die...
Your body glows slightly and disappears.

.......<......#.#.# #.
..........>........♣
##.###.#............≈.≈. ##
#.....>..........P≈≈≈≈≈≈....
≈.###.............)..)P≈≈≈≈≈≈.≈♣
≈♣.................).≈≈≈≈≈≈≈.≈.♣.
≈≈♣.................P≈≈.≈≈≈≈≈.♣..
≈P♣##...).........)...≈≈≈)≈.≈≈.
≈≈♣♣...........c@)....♣......#
≈≈≈♣..............|...#..#...#
≈≈≈♣.........##.##.##.>.>...#####
≈≈≈P.........##.##.##............
≈≈)≈♣..).....#####....##..#######
≈≈≈≈≈♣######## #....#####.#
≈≈≈≈≈♣ #.#.## #.####### ≈≈≈≈♣♣ ..
#.######....#... ≈≈≈≈≈♣
#.............P≈


You could see a centaur (extremely poisoned).

Vanquished Creatures
  A two-headed ogre (D:10)
  A tengu warrior (D:9)
  A gargoyle (D:10)
  Maggie (D:7)
  2 trolls (D:10)
  A hornet (D:8)
  Sigmund (D:5)
  A wyvern (D:9)
  Eustachio (D:5)
  9 yaks
  2 steam dragons (D:8)
  Grum (D:8)
  Edmund (D:4)
  A water moccasin (D:4)
  2 acid dragons
  3 orc warriors
  2 ice beasts (D:7)
  4 sky beasts
  A black bear (D:6)
  An ogre (D:5)
  3 wolves (D:8)
  8 centaurs
  3 kobold brigands
  2 phantoms (D:6)
  2 necrophages
  2 gnoll sergeants
  5 bullfrogs
  2 scorpions
  3 wights
  5 killer bees
  An oklob sapling (D:4)
  An electric eel (D:8)
  6 howler monkeys
  A centaur zombie (D:8)
  3 lava snakes (D:9)
  4 orc priests
  8 hounds
  2 gnoll shamans
  3 iguanas
  17 orc wizards
  A howler monkey zombie (D:8)
  5 adders
  21 gnolls
  2 white imps
  3 worms
  5 dart slugs
  33 orcs
  4 ball pythons
  8 endoplasms
  5 giant cockroaches
  11 goblins
  8 hobgoblins
  7 jackals
  24 kobolds
  5 quokkas
  6 bats
  3 frilled lizards (D:2)
  4 rats
273 creatures vanquished.

Vanquished Creatures (collateral kills)
  A howler monkey (D:9)
1 creature vanquished.

Vanquished Creatures (others)
  An orc wizard (D:8)
  2 demonic plants (D:1)
  118 plants
  2 withered plants (D:8)
123 creatures vanquished.

Grand Total: 397 creatures vanquished

Notes
Turn   | Place    | Note
-------+----------+-------------------------------------------
     0 | D:1      | rabbitsville the Gnoll Conjurer began the quest for the
                  | Orb.
     0 | D:1      | Reached XP level 1. HP: 13/13 MP: 6/6
   232 | D:1      | Reached XP level 2. HP: 19/19 MP: 4/7
   235 | D:1      | Learned a level 2 spell: Searing Ray
   424 | D:1      | Found a faded altar of an unknown god.
   684 | D:2      | Reached skill level 5 in Spellcasting
   684 | D:2      | Reached XP level 3. HP: 25/25 MP: 4/9
   868 | D:2      | Reached skill level 1 in Invocations
  1155 | D:2      | Reached skill level 1 in Fighting
  1155 | D:2      | Reached skill level 1 in Short Blades
  1155 | D:2      | Reached skill level 1 in Long Blades
  1155 | D:2      | Reached skill level 1 in Axes
  1155 | D:2      | Reached skill level 1 in Maces & Flails
  1155 | D:2      | Reached skill level 1 in Polearms
  1155 | D:2      | Reached skill level 1 in Staves
  1155 | D:2      | Reached skill level 1 in Slings
  1155 | D:2      | Reached skill level 1 in Bows
  1155 | D:2      | Reached skill level 1 in Crossbows
  1155 | D:2      | Reached skill level 1 in Throwing
  1155 | D:2      | Reached skill level 1 in Armour
  1155 | D:2      | Reached skill level 1 in Shields
  1155 | D:2      | Reached skill level 1 in Unarmed Combat
  1155 | D:2      | Reached skill level 1 in Evocations
  1334 | D:2      | Reached XP level 4. HP: 32/32 MP: 7/11
  2784 | D:4      | Reached skill level 1 in Hexes
  2784 | D:4      | Reached skill level 1 in Summonings
  2784 | D:4      | Reached skill level 1 in Necromancy
  2784 | D:4      | Reached skill level 1 in Translocations
  2784 | D:4      | Reached skill level 1 in Transmutations
  2784 | D:4      | Reached skill level 1 in Fire Magic
  2784 | D:4      | Reached skill level 1 in Ice Magic
  2784 | D:4      | Reached skill level 1 in Air Magic
  2784 | D:4      | Reached skill level 1 in Earth Magic
  2784 | D:4      | Reached skill level 1 in Poison Magic
  2836 | D:4      | Reached XP level 5. HP: 37/37 MP: 1/12
  2910 | D:4      | Noticed a water moccasin
  3021 | D:4      | Killed a water moccasin
  3022 | D:4      | Reached XP level 6. HP: 37/44 MP: 5/13
  3143 | D:4      | Noticed Edmund
  3154 | D:4      | Reached skill level 5 in Dodging
  3230 | D:4      | Killed Edmund
  3557 | D:4      | Reached XP level 7. HP: 50/50 MP: 8/15
  3568 | D:5      | Entered Level 5 of the Dungeon
  4102 | D:4      | Reached skill level 5 in Stealth
  4332 | D:5      | Reached XP level 8. HP: 57/57 MP: 9/16
  4539 | D:5      | Noticed Sigmund
  4687 | D:4      | Found a staircase to the Ecumenical Temple.
  4702 | Temple   | Entered the Ecumenical Temple
  5079 | Temple   | Became a worshipper of Nemelex Xobeh the Trickster
  5448 | D:4      | Learned a level 3 spell: Stone Arrow
  5657 | D:4      | Found a runed translucent gate.
  5658 | D:4      | Found a runed translucent gate.
  5659 | D:4      | Found a runed translucent gate.
  5717 | D:4      | Noticed Antichthon's ghost (amateur NaWr)
  5804 | D:4      | Found a runed translucent door.
  5805 | D:4      | Noticed Crazy Yiuf
  5905 | D:5      | Killed Sigmund
  6207 | D:5      | Noticed Eustachio
  6236 | D:5      | Killed Eustachio
  6237 | D:5      | Reached XP level 9. HP: 49/65 MP: 2/18
  6834 | D:6      | Found Uleess's Book Shop.
  6897 | D:6      | Found Tevoa's Armour Emporium.
  6907 | D:6      | Reached * piety under Nemelex Xobeh
  7053 | D:6      | Found Gecig's Distillery.
  7073 | D:6      | Found a shadowy altar of Dithmenos.
  7281 | D:6      | Reached skill level 8 in Conjurations
  7540 | D:6      | Found Dyatei's Book Shoppe.
  7619 | D:6      | Found Ymurropt's Jewellery Emporium.
  8051 | D:7      | Received a gift from Nemelex Xobeh
  8093 | D:7      | Reached skill level 5 in Invocations
  8483 | D:7      | Found an ancient bone altar of Kikubaaqudgha.
  8745 | D:7      | Reached ** piety under Nemelex Xobeh
  8748 | D:7      | Noticed Maggie
  8764 | D:7      | Killed Maggie
  9388 | D:8      | Reached XP level 10. HP: 40/73 MP: 10/20
  9966 | D:8      | Paralysed by a hornet for 3 turns
  9970 | D:8      | Paralysed by a hornet for 3 turns
  9975 | D:8      | Reached skill level 5 in Fighting
  9975 | D:8      | Reached skill level 5 in Short Blades
  9975 | D:8      | Reached skill level 5 in Long Blades
  9975 | D:8      | Reached skill level 5 in Axes
  9975 | D:8      | Reached skill level 5 in Maces & Flails
  9975 | D:8      | Reached skill level 5 in Polearms
  9975 | D:8      | Reached skill level 5 in Staves
  9975 | D:8      | Reached skill level 5 in Slings
  9975 | D:8      | Reached skill level 5 in Bows
  9975 | D:8      | Reached skill level 5 in Crossbows
  9975 | D:8      | Reached skill level 5 in Throwing
  9975 | D:8      | Reached skill level 5 in Armour
  9975 | D:8      | Reached skill level 5 in Shields
  9975 | D:8      | Reached skill level 5 in Unarmed Combat
  9975 | D:8      | Reached skill level 5 in Evocations
 10464 | D:8      | Noticed Grum
 10546 | D:8      | Killed Grum
 11016 | D:8      | You fall into a shaft and drop 3 floors!
 11017 | D:11     | Received a gift from Nemelex Xobeh
 11056 | D:11     | Found a frozen archway.
 11056 | D:11     | Noticed Psyche
 11056 | D:11     | Noticed a skeletal warrior
 11085 | D:10     | Entered Level 10 of the Dungeon
 11085 | D:10     | Found a staircase to the Lair.
 11171 | D:9      | Gained mutation: You are dopey. (Int -2) [potion of
                  | mutation]
 11171 | D:9      | Gained mutation: Your magical capacity is low. (-10% MP)
                  | [potion of mutation]
 11171 | D:9      | Gained mutation: You are partially covered in iridescent
                  | scales. (AC +2) [potion of mutation]
 11856 | D:8      | Reached *** piety under Nemelex Xobeh
 12243 | D:9      | Found a basalt altar of Yredelemnul.
 12677 | D:9      | Noticed a fire dragon
 12921 | D:6      | Bought the +1 robe "Qalat" {rN++ Int+5} for 471 gold pieces
 13153 | D:9      | Reached XP level 11. HP: 68/81 MP: 1/20
 13487 | D:9      | Noticed a centaur warrior
 13508 | D:9      | Received a gift from Nemelex Xobeh
 14095 | D:9      | Reached skill level 5 in Hexes
 14095 | D:9      | Reached skill level 5 in Summonings
 14095 | D:9      | Reached skill level 5 in Necromancy
 14095 | D:9      | Reached skill level 5 in Translocations
 14095 | D:9      | Reached skill level 5 in Transmutations
 14095 | D:9      | Reached skill level 5 in Fire Magic
 14095 | D:9      | Reached skill level 5 in Ice Magic
 14095 | D:9      | Reached skill level 5 in Air Magic
 14095 | D:9      | Reached skill level 5 in Earth Magic
 14095 | D:9      | Reached skill level 5 in Poison Magic
 14558 | D:10     | Noticed a two-headed ogre
 14575 | D:10     | Noticed a tengu warrior
 14580 | D:9      | Identified the +5 demon trident of Abomination {venom,
                  | Drain Fly Str+2 Stlth+}
 14581 | D:9      | HP: 3/81 [orc warrior/+0 hand axe (9)]
 14581 | D:9      | HP: 1/81 [killer bee (2)]
 14951 | D:9      | Killed a tengu warrior
 15005 | D:10     | Killed a two-headed ogre
 15205 | D:10     | Noticed a harpy
 15207 | D:10     | a harpy changed into a centaur
 15262 | D:10     | Reached skill level 9 in Conjurations
 15622 | D:10     | Received a gift from Nemelex Xobeh
 15625 | D:10     | Noticed a two-headed ogre
 15751 | D:10     | Killed from afar by a centaur

Illustrated notes

Levels and vault maps discovered:
D:1:      wander_arrival_estate, layout_rooms,
          dreamdust_ecumenical_altar_sealed_demon
D:2:      minmay_door_path, layout_basic, lexackson_kobold_supper
D:3:      layout_basic, corexii_leaking_fountain, minmay_fountain_box
D:4:      layout_rooms, minmay_temple_entry_oklob, ebering_ghost_rock_garden,
          hangedman_abyss_or_decor_jellyfish_corner, dreamdust_princess_bridge,
          minmay_increasing_density, uniq_crazy_yiuf_cottage, uniq_edmund
D:5:      layout_basic, uniq_eustachio, uniq_sigmund
D:6:      layout_gridville, grunt_dithmenos_shadows, serial_shops, shop,
          kennysheep_mini_moat, shop, nicolae_shop_trees, nicolae_shop_stone,
          kennysheep_generic_room_13
D:7:      layout_basic, kiku_gazebo_pond_becter, kennysheep_another_room,
          uniq_maggie
D:8:      layout_basic, serial_undead, serial_undead_f, serial_undead_f,
          serial_undead_d, serial_undead_f, grunt_ministairs_2,
          hangedman_decor_diamond_cutter, uniq_grum
D:9:      nzn_winding_woodlands_small [nzn_winding_woodlands_5x15_sawtooth,
          nzn_winding_woodlands_center_pierced_h,
          nzn_winding_woodlands_5x15_pockets], layout_long_grid,
          mainiacjoe_overflow_concentric_impassable, kennysheep_island_fort
D:10:     layout_rooms, kennysheep_orc_sif_temple, dpeg_oklobed_lair,
          serial_bayou, serial_bayou_pond_b, serial_bayou_ford_a,
          serial_bayou_pond_b, serial_bayou_shore_a, serial_bayou_lagoon_a,
          serial_bayou_shore_b
D:11:     layout_roguey, orc_0_dummy, portal_ice_cave_entry_pillars_1,
          uniq_lodul, uniq_psyche, uniq_gastronok, uniq_nergalle
Temple:   hc_temple_tempest_star

Skill      XL: |  1  2  3  4  5  6  7  8  9 10 11 |
---------------+----------------------------------+-----
Spellcasting   | 5 6 7 8 |  8.2
Invocations    | 1 2 3 4 5 6 7 |  7.0
Fighting       | 1 2 3 4 5 6 |  6.4
Short Blades   | 1 2 3 4 5 6 |  6.4
Long Blades    | 1 2 3 4 5 6 |  6.4
Axes           | 1 2 3 4 5 6 |  6.4
Maces & Flails | 1 2 3 4 5 6 |  6.4
Polearms       | 1 2 3 4 5 6 |  6.4
Staves         | 1 2 3 4 5 6 |  6.4
Slings         | 1 2 3 4 5 6 |  6.4
Bows           | 1 2 3 4 5 6 |  6.4
Crossbows      | 1 2 3 4 5 6 |  6.4
Throwing       | 1 2 3 4 5 6 |  6.4
Armour         | 1 2 3 4 5 6 |  6.4
Shields        | 1 2 3 4 5 6 |  6.4
Unarmed Combat | 1 2 3 4 5 6 |  6.4
Evocations     | 1 2 3 4 5 6 |  6.4
Hexes          | 1 2 3 4 5 |  5.3
Summonings     | 1 2 3 4 5 |  5.3
Necromancy     | 1 2 3 4 5 |  5.3
Translocations | 1 2 3 4 5 |  5.3
Transmutations | 1 2 3 4 5 |  5.3
Fire Magic     | 1 2 3 4 5 |  5.3
Ice Magic      | 1 2 3 4 5 |  5.3
Air Magic      | 1 2 3 4 5 |  5.3
Earth Magic    | 1 2 3 4 5 |  5.3
Poison Magic   | 1 2 3 4 5 |  5.3
Dodging        | 5 6 7 8 |  8.0
Stealth        | 5 6 7 |  7.7
Conjurations   | 8 9 |  9.0

Action                   |  1- 3 |  4- 6 |  7- 9 | 10-12 || total
-------------------------+-------+-------+-------+-------++-------
Melee: Short sword       |       |     6 |    49 |    43 ||    98
       Bite              |       |     1 |     6 |     6 ||    13
       Punch             |       |       |     1 |     3 ||     4
 Cast: Magic Dart        |    65 |    73 |   183 |   234 ||   555
       Searing Ray       |     3 |    11 |    36 |    40 ||    90
       Stone Arrow       |       |       |    20 |    39 ||    59
Invok: Draw Destruction  |       |       |       |     5 ||     5
       Triple Draw       |       |       |       |     1 ||     1
       Draw Escape       |       |       |       |     1 ||     1
  Use: Potion            |       |       |     3 |     9 ||    12
       Scroll            |       |       |       |     8 ||     8
 Stab: Sleeping          |       |       |       |     1 ||     1
Armor: Robe              |     1 |     2 |    21 |    31 ||    55
       Steam dragon scal |       |       |     1 |    30 ||    31
Dodge: Dodged            |     3 |    18 |   103 |   130 ||   254

Table legend: (Time is in decaauts)
 A = Elapsed time spent in this place.
 B = Non-inter-level travel time spent in this place.
 C = Inter-level travel time spent in this place.
 D = Time resting spent in this place.
 E = Time spent auto-exploring this place.
 F = Levels seen in this place.
 G = Mean time per level.
                   A        B        C        D        E       F      G
               +--------+--------+--------+--------+--------+-----+--------+
         Total |  15778 |  15037 |    741 |   4367 |   7779 |  12 | 1314.8 |
       Dungeon |  15374 |  14704 |    670 |   4226 |   7619 |  11 | 1397.6 |
        Temple |    404 |    333 |     71 |    141 |    160 |   1 |  404.0 |
               +--------+--------+--------+--------+--------+-----+--------+

Top non-repeatable levels by time:
     D:8: 2805 daAuts
     D:9: 2198 daAuts
     D:7: 1846 daAuts
     D:5: 1656 daAuts
     D:4: 1605 daAuts
     D:6: 1320 daAuts
     D:3: 1132 daAuts
    D:10: 1093 daAuts
     D:2: 965 daAuts
     D:1: 680 daAuts
  Temple: 404 daAuts
    D:11: 68 daAuts
